 Dungeon Crawl Stone Soup version 0.20.1-1-g8b1a95d (webtiles) character file.

37 LadyOphelia the Ruffian (level 3, 0/30 HPs)
             Began as a Ghoul Gladiator on Aug 13, 2017.
             Slain by a goblin
             ... wielding a +0 club
             ... led by Robin
              (2 damage)
             ... on level 1 of the Dungeon.
             The game lasted 00:08:26 (973 turns).

LadyOphelia the Ruffian (Ghoul Gladiator)            Turns: 973, Time: 00:08:27

Health: 0/30       AC:  4    Str: 18    XL:     3   Next: 41%
Magic:  2/2        EV: 12    Int:  3    God:
Gold:   49         SH:  0    Dex: 10    Spells: 2/2 levels left

rFire    . . .     SeeInvis .     - Unarmed
rCold    + . .     Gourm    .   (no shield)
rNeg     + + +     Faith    .   a - +0 leather armour
rPois    ∞         Spirit   .   b - +0 helmet
rElec    .         Reflect  .   (no cloak)
rCorr    .         Harm     .   (no gloves)
MR       .....                  (no boots)
Stlth    +.........             (no amulet)
Regen    0.0/turn               (no ring)
MPRegen  0.1/turn               (no ring)

@: rotting
A: rotting body, claws 1, carnivore 3, cold resistance 1, negative energy
resistance 3, inhibited regeneration, torment resistance, unbreathing
a: no special abilities


You were on level 1 of the Dungeon.
You were not hungry.

You visited 1 branch of the dungeon, and saw 2 of its levels.

You collected 49 gold pieces.

Inventory:

Hand Weapons
 h - a +0 flail
 i - a +0 club
Missiles
 c - 3 throwing nets (quivered)
Armour
 a - a +0 leather armour (worn)
 b - a +0 helmet (worn)
Scrolls
 d - a scroll of magic mapping {unknown}
 f - a scroll of identify {unknown}
 j - a scroll of enchant weapon {unknown}
Potions
 e - a potion of haste {unknown}
 g - a potion of heal wounds {unknown}


   Skills:
 + Level 2.3 Fighting
 + Level 2.0 Throwing
 + Level 0.3 Armour
 + Level 3.0 Dodging
 + Level 4.1 Unarmed Combat


You had 2 spell levels left.
You didn't know any spells.

Dungeon Overview and Level Annotations

Branches:
Dungeon (2/15)

Altars:


Innate Abilities, Weirdness & Mutations

Your body is rotting away.
You thrive on raw meat.
You are immune to poison.
You have sharp fingernails.
You are carnivorous and can eat meat at any time.
Your flesh is cold resistant. (rC+)
You are immune to negative energy. (rN+++)
You do not regenerate when monsters are visible.
You are immune to unholy pain and torment.
You can survive without breathing.


Message History

The goblin hits you with a dagger of electrocution.
The goblin hits you with a club.
* * * LOW HITPOINT WARNING * * *
The ooze moves out of view.
A bat comes into view.
There is a stone staircase leading up here.
Things that are here:
a dagger; a goblin corpse; a worm corpse The goblin hits you with a dagger of electrocution.
* * * LOW HITPOINT WARNING * * *
The goblin barely misses you. The goblin hits you but does no damage.
You climb upwards.
There is a stone staircase leading down here.
You scratch the goblin.
You kill the goblin!
The goblin hits you but does no damage.
You closely miss the goblin. The goblin hits you with a club.
* * * LOW HITPOINT WARNING * * *
The goblin hits you with a club.
You die...

.......# .......#
.......# #########
.......# #....(..#
.......# #.#####.#
.......# #.#...#.#
.......# #.###.#.#
.......###.....#g#
...............g@#
.......###########
.......############
###...............#
###...............#
..................#
..................#
..................#
...#'#............#


You could see 2 goblins.

Vanquished Creatures
  A gnoll (D:1)
  A worm (D:2)
  A dart slug (D:1)
  A leopard gecko (D:1)
  A bat (D:1)
  4 goblins
  A hobgoblin (D:1)
  2 kobolds (D:1)
  4 ball pythons
  5 frilled lizards (D:1)
  3 rats
24 creatures vanquished.

Notes
Turn   | Place    | Note
-------+----------+-------------------------------------------
     0 | D:1      | LadyOphelia the Ghoul Gladiator began the quest for the Orb.
     0 | D:1      | Reached XP level 1. HP: 17/17 MP: 0/0
   162 | D:1      | Reached XP level 2. HP: 22/24 MP: 1/1
   368 | D:1      | Reached skill level 4 in Unarmed Combat
   368 | D:1      | Reached XP level 3. HP: 19/30 MP: 2/2
   973 | D:1      | Slain by a goblin

Skill      XL: |  1  2  3 |
---------------+----------+-----
Unarmed Combat | 4 |  4.1
Throwing       | 2 |  2.0
Dodging        | 3 |  3.0
Fighting       | |  2.3
Armour         | |  0.3

Action                   || total
-------------------------++-------
Melee: Unarmed           ||    71
Throw: Throwing net      ||     1
  Eat: Meat ration       ||     1
Armor: Leather armour    ||    18
Dodge: Dodged            ||    50
